 Dungeon Crawl Stone Soup version 0.24-a0-420-g24607be9ce (webtiles) character file.

Game seed: 14214153091378274097

13 Amnesiac the Insei (level 2, -1/18 HPs)
             Began as an Octopode Transmuter on June 11, 2019.
             Slain by a hound (3 damage)
             ... on level 4 of the Dungeon.
             The game lasted 00:02:39 (480 turns).

Amnesiac the Insei (Octopode Transmuter)             Turns: 480, Time: 00:02:40

Health: -1/18      AC:  1    Str:  9    XL:     2   Next: 37%
Magic:  5/5        EV: 13    Int: 15    God:
Gold:   24         SH:  0    Dex: 12    Spells: 2/5 levels left

rFire    . . .     SeeInvis .     - Unarmed
rCold    . . .     Gourm    .   (no shield)
rNeg     . . .     Faith    .   (helmet restricted)
rPois    .         Spirit   .   b - amulet of the acrobat
rElec    .         Reflect  .   (no ring)
rCorr    .         Harm     .   (no ring)
MR       .....                  (no ring)
Stlth    ++........             (no ring)
HPRegen  0.06/turn              (no ring)
MPRegen  0.09/turn              (no ring)
                                (no ring)
                                (no ring)

@: no status effects
A: almost no armour, stealthy swim, amphibious, 8 rings, constrict 8, camouflage
1, gelatinous body 1
a: no special abilities


You were on level 4 of the Dungeon.
You were not hungry.

You visited 1 branch of the dungeon, and saw 4 of its levels.

You collected 24 gold pieces.

Inventory:

Missiles
 a - 29 arrows
Jewellery
 b - an amulet of the acrobat (around mantle)
Scrolls
 d - a scroll of teleportation {!r, unknown}
 f - a scroll of identify {!r, unknown}
Potions
 e - a potion of magic {!q, unknown}
Comestibles
 c - 2 rations
 g - a chunk of flesh


   Skills:
 - Level 1.0 Fighting
 - Level 2.0 Dodging
 - Level 3.0 Unarmed Combat
 * Level 2.4 Spellcasting
 - Level 2.5 Transmutations


You had 2 spell levels left.
You knew the following spells:

 Your Spells              Type           Power        Failure   Level  Hunger
a - Beastly Appendage     Tmut           #.....       8%          1    #......
b - Sticks to Snakes      Tmut           #.......     12%         2    ###....

Your spell library contained the following spells:

 Spells                   Type           Power        Failure   Level  Hunger
 Spider Form              Tmut/Pois      #.........   36%         3    ###....
 Ice Form                 Ice/Tmut       #.......     77%         4    #####..
 Blade Hands              Tmut           #.........   91%         5    ######.


Dungeon Overview and Level Annotations

Branches:
Dungeon (4/15)
 Temple: D:4-7

Altars:


Innate Abilities, Weirdness & Mutations

You cannot wear most types of armour.
You are very stealthy in the water. (Stealth+)
You are amphibious.
You can wear up to eight rings at the same time.
You can use your tentacles to constrict eight enemies at once.
Your skin changes colour to match your surroundings (Stealth+).
Your rubbery body absorbs attacks. (AC +1, EV +1)


Message History

f - a scroll labeled DEINYSECLA {!r}
There is a stone staircase leading down here.
Your amulet attunes itself to your body.
You feel like doing cartwheels.
You climb downwards.
Found a stone staircase leading up and a stone staircase leading down.
There is a stone staircase leading up here.
Okay, then.
There is a stone staircase leading down here.
There is a stone staircase leading up here.
There is a stone staircase leading up here.
You can't go down here!
You climb upwards.
A frilled lizard, a leopard gecko, a bat and a goblin come into view.
The goblin shouts!
The frilled lizard hisses angrily.
The leopard gecko hisses angrily.
Found three items.
Found a stone staircase leading up.
There is a stone staircase leading down here.
The bat closely misses you. The frilled lizard closely misses you.
You climb downwards.
There is a stone staircase leading up here.
You tentacle-slap the bat but do no damage.
You squeeze the bat.
You kill the bat!
Training target 2.5 for Transmutations reached!
You tentacle-slap the frilled lizard but do no damage.
You grab the frilled lizard. You constrict the frilled lizard.
The frilled lizard closely misses you.
You tentacle-slap the frilled lizard.
You kill the frilled lizard!
No target in view!
No target in view!
Unknown command.
There isn't anything here!
There is a stone staircase leading up here.
There isn't anything here!
You butcher the frilled lizard corpse.
g - a chunk of flesh You see here a frilled lizard skeleton. x2
Found an escape hatch in the floor.
Found a stone staircase leading down.
A hound comes into view.
A hound is nearby!
A hound is nearby!
The hound barks!
The hound completely misses you. The hound bites you.
You barely miss the hound. The hound bites you.
You closely miss the hound. The hound bites you.
* * * LOW HITPOINT WARNING * * *
You barely miss the hound. You grab the hound. You squeeze the hound.
The hound is moderately wounded.
You constrict the hound. The hound bites you.
* * * LOW HITPOINT WARNING * * *
The hound misses you.
You tentacle-slap the hound.
The hound is heavily wounded.
You constrict the hound. The hound bites you.
* * * LOW HITPOINT WARNING * * *
You are too injured to fight recklessly!
You are too injured to fight recklessly!
You tentacle-slap the hound.
The hound is almost dead.
You constrict the hound. The hound bites you.
You die...

.#.#######.#######.###
...................
..######.#######.# ..
#.# #.# #.## #.# #.#
#..# #.# #.# #.# #h##
#.# #@.# #.# ##.# #.#
#.###.# #..##.#
##.##.# #.##.# #..#.#
##.#.# #.#.#


You could see a hound.

Vanquished Creatures
  2 goblins
  3 hobgoblins
  A jackal (D:1)
  3 bats
  A frilled lizard (D:4)
  A rat (D:2)
11 creatures vanquished.

Notes
Turn   | Place    | Note
-------+----------+-------------------------------------------
     0 | D:1      | Amnesiac the Octopode Transmuter began the quest for the
                  | Orb.
     0 | D:1      | Reached XP level 1. HP: 13/13 MP: 3/3
    83 | D:1      | Reached XP level 2. HP: 10/18 MP: 5/5
   168 | D:1      | Learned a level 2 spell: Sticks to Snakes
   480 | D:4      | Slain by a hound

Levels and vault maps discovered:
D:1:      tarquinn_simple_flora_water_f, layout_rooms, minmay_hedge_maze,
          serial_park_tiny_1, minmay_indecisive_spiral
D:2:      layout_loops_ring, first_ration, uniq_jessica
D:3:      layout_rooms
D:4:      layout_basic, biasface_ghost_orc_armoury, uniq_eustachio, uniq_sigmund

Action                   || total
-------------------------++-------
Melee: Unarmed           ||    29
       Constrict         ||     9
       Tentacles         ||     7
Armor: Skin              ||     1
Dodge: Dodged            ||    17

Table legend:
 A = Non-vault XP
 B = Vault XP
 C = Vault XP percentage of total XP
 D = Non-vault monster count
 E = Vault monster count
 F = Vault count percentage of total count
                 A         B        C        D         E       F
            +---------+---------+-------+---------+---------+-------
      Total |      19 |       0 |   0.0 |      11 |       0 |   0.0
            +---------+---------+-------+---------+---------+-------
        D:1 |      11 |       0 |   0.0 |       6 |       0 |   0.0
        D:2 |       5 |       0 |   0.0 |       3 |       0 |   0.0
        D:4 |       3 |       0 |   0.0 |       2 |       0 |   0.0
            +---------+---------+-------+---------+---------+-------
